 Dungeon Crawl Stone Soup version 0.22.1-6-g1668fe2 (webtiles) character file.

168 Fang the Skirmisher (level 5, -2/34 HPs)
             Began as a Gargoyle Berserker on Jan 24, 2019.
             Was a Believer of Trog.
             Killed from afar by an orc wizard (6 damage)
             ... with a magic dart
             ... on level 3 of the Dungeon.
             The game lasted 00:02:18 (2836 turns).

Fang the Skirmisher (Gargoyle Berserker)            Turns: 2836, Time: 00:02:19

Health: -2/34      AC:  9    Str: 22    XL:     5   Next: 49%
Magic:  5/5        EV: 11    Int:  7    God:    Trog [**....]
Gold:   160        SH:  0    Dex:  9    Spells: 4/4 levels left

rFire    . . .     SeeInvis .   a - +0 hand axe
rCold    . . .     Gourm    .   (no shield)
rNeg     + . .     Faith    .   j - +0 ring mail (curse)
rPois    ∞         Spirit   .   (no helmet)
rElec    +         Reflect  .   (no cloak)
rCorr    .         Harm     .   (no gloves)
MR       .....                  (no boots)
Stlth    ..........             (no amulet)
HPRegen  0.11/turn              (no ring)
MPRegen  0.09/turn              (no ring)

@: no status effects
A: negative energy resistance 1, electricity resistance, unbreathing,
petrification resistance, rot immunity, AC +4
a: Berserk, Trog's Hand, Renounce Religion


You were on level 3 of the Dungeon.
You worshipped Trog.
Trog was pleased with you.
You were not hungry.

You visited 1 branch of the dungeon, and saw 3 of its levels.

You collected 160 gold pieces.

Inventory:

Hand Weapons
 a - a +0 hand axe (weapon)
Armour
 j - a cursed +0 ring mail (worn)
Jewellery
 i - an uncursed ring of flight {unknown}
Scrolls
 b - a scroll of amnesia {unknown}
 e - 3 scrolls of identify {unknown}
 f - a scroll of noise {unknown}
 g - a scroll of magic mapping {unknown}
 h - a scroll of teleportation {unknown}
 l - 2 scrolls of enchant weapon {unknown}
 q - a scroll of fog {unknown}
Potions
 d - a potion of flight {unknown}
 k - 2 potions of curing {unknown}
 m - 2 potions of brilliance {unknown}
 n - a potion of degeneration {unknown}
 o - a potion of agility {unknown}
 p - a potion of haste {unknown}
Comestibles
 c - 4 rations


   Skills:
 + Level 4.4 Fighting
 + Level 3.7 Axes
 + Level 3.5 Armour
 + Level 2.3 Dodging
 + Level 0.2 Stealth


You had 4 spell levels left.
You didn't know any spells.
Your spell library was empty.

Dungeon Overview and Level Annotations

Branches:
Dungeon (3/15)

Altars:
Kikubaaqudgha
Nemelex Xobeh


Innate Abilities, Weirdness & Mutations

You are resistant to torment.
Your stone body is resilient. (AC +4)
You are immune to poison.
You resist negative energy. (rN+)
You are resistant to electric shocks. (rElec)
You can survive without breathing.
You are immune to petrification.
You are immune to rotting.


Message History

The orc wizard closely misses you.
The orc wizard hits you but does no damage.
You hit the orc wizard.
The orc wizard is moderately wounded.
The orc wizard closely misses you.
The orc wizard hits you but does no damage.
You barely miss the orc wizard.
The orc wizard is moderately wounded.
The orc wizard hits you but does no damage.
You barely miss the orc wizard.
The orc wizard is moderately wounded.
The orc wizard gestures at you while chanting.
The puff of flame hits you! The orc wizard casts a spell at you.
The puff of flame hits you!
* * * LOW HITPOINT WARNING * * *
You eat one of the 5 rations.
That ration really hit the spot!
The orc wizard gestures at you while chanting.
The magic dart hits you!
You die...

..#..#..###..(# ####.#
#.............#### #.#
##.......###......# #.#
#........#?...###...##.#
#.......)#(#### ... ..
...........# .
........†### .......o.#
.......@.# #. ..
.#.....)†)...... #. ..
###.#.......... #. .# #.
#..###....... #. .. ...
... ....... #. .##..#.
#### ....... #. .......
....... ..#..(.###
....... ..<......#


You could see an orc wizard.

Vanquished Creatures
  Natasha (thrice) (D:2)
  3 adders
  2 worms (D:2)
  A dart slug (D:1)
  A leopard gecko (D:3)
  2 orcs (D:3)
  A giant cockroach (D:3)
  8 goblins
  6 hobgoblins
  11 jackals
  7 kobolds
  2 quokkas (D:2)
  4 bats (D:2)
  A frilled lizard (D:2)
  2 rats (D:2)
54 creatures vanquished.

Notes
Turn   | Place    | Note
-------+----------+-------------------------------------------
     0 | D:1      | Fang the Gargoyle Berserker began the quest for the Orb.
     0 | D:1      | Reached XP level 1. HP: 14/14 MP: 1/1
   255 | D:1      | Reached XP level 2. HP: 17/19 MP: 2/2
  1141 | D:2      | Found an ancient bone altar of Kikubaaqudgha.
  1451 | D:2      | Reached skill level 4 in Fighting
  1451 | D:2      | Reached XP level 3. HP: 24/24 MP: 3/3
  1541 | D:2      | Found a sparkling altar of Nemelex Xobeh.
  1668 | D:2      | Reached ** piety under Trog
  1805 | D:2      | Noticed Natasha
  1814 | D:2      | Killed Natasha
  1814 | D:2      | Reached XP level 4. HP: 18/29 MP: 4/4
  1918 | D:2      | Noticed Natasha
  1930 | D:2      | Killed Natasha
  2348 | D:2      | Reached XP level 5. HP: 28/34 MP: 5/5
  2590 | D:2      | Noticed Natasha
  2599 | D:2      | Killed Natasha
  2836 | D:3      | Killed from afar by an orc wizard

Skill      XL: |  1  2  3  4  5 |
---------------+----------------+-----
Axes           | 3 |  3.7
Fighting       | 4 |  4.4
Dodging        | 2 |  2.3
Armour         | 3 |  3.5
Stealth        | |  0.2

Action                   |  1- 3 |  4- 6 || total
-------------------------+-------+-------++-------
Melee: Hand axe          |    93 |    72 ||   165
Invok: Berserk           |       |     2 ||     2
  Eat: Chunk             |     2 |     1 ||     3
       Ration            |       |     2 ||     2
Armor: Animal skin       |    12 |       ||    12
       Ring mail         |    48 |    36 ||    84
Dodge: Dodged            |    70 |    58 ||   128
